 Dungeon Crawl Stone Soup version 0.31-a0-662-g684573625c (webtiles) character file.

Game seed: 16793153669360373033

11 jlumianski the Trooper (level 2, 0/24 HPs)
             Began as a Demonspawn Fighter on Sept 2, 2023.
             Succumbed to a scorpion's poison
             ... on level 2 of the Dungeon.
             The game lasted 00:00:20 (28 turns).

jlumianski the Trooper (Demonspawn Fighter)           Turns: 28, Time: 00:00:21

Health: 0/24       AC:  6    Str: 16    XL:     2   Next: 17%
Magic:  2/2        EV:  8    Int:  9    God:
Gold:   0          SH:  4    Dex: 12    Spells: 1/1 levels left

rFire   . . .        a - +0 war axe
rCold   + . .        c - +0 buckler
rNeg    . . .        b - +0 scale mail
rPois   .            (no helmet)
rElec   .            (no cloak)
rCorr   .            (no gloves)
SInv    .            (no boots)
Will    .....        (no amulet) Stlth
                     (no ring)
HPRegen 0.24/turn    (no ring)
MPRegen 0.08/turn

%: no passive effects
@: lethally poisoned (0 -> -2)
A: spiny 1, cold resistance 1
a: no special abilities


You were on level 2 of the Dungeon.
You visited 1 branch of the dungeon, and saw 2 of its levels.

Inventory:

Hand Weapons
 a - a +0 war axe (weapon)
Armour
 b - a +0 scale mail (worn)
 c - a +0 buckler (worn)
Potions
 d - a potion of might


   Skills:
 + Level 3.2 Fighting
 + Level 1.9 Axes
 + Level 2.9 Armour
 + Level 2.8 Shields


You had one spell level left.
You didn't know any spells.
Your spell library was empty.

Dungeon Overview and Level Annotations

Branches:
Dungeon (2/15)

Altars:


Innate Abilities, Weirdness & Mutations

You are partially covered in sharp spines.
Your flesh is cold resistant. (rC+)


Message History

The endoplasm hits you but does no damage.
You hit the endoplasm.
The endoplasm is severely wounded.
You slash the endoplasm!
You kill the endoplasm!
The endoplasm freezes you.
You are frozen.
The adder bites you but does no damage.
You slash the endoplasm!
You kill the endoplasm!
You hit the adder. You block the adder's attack. The adder bites you.
The adder bites you but does no damage.
You slash the adder!
You kill the adder!
You have reached level 2!
Your demonic ancestry asserts itself...
Sharp spines emerge from parts of your body.
Found a leather armour.
The scorpion attacks as it pursues you! The scorpion stings you.
You are poisoned.
The scorpion poisons you! The scorpion stings you.
You completely miss the scorpion.
You feel very sick. You block the scorpion's attack.
You hit the scorpion.
The scorpion is moderately wounded.
You feel sick. The scorpion stings you. The scorpion barely misses you.
You hit the scorpion.
The scorpion is heavily wounded.
You feel sick. The scorpion stings you.
* * * LOW HITPOINT WARNING * * *
The scorpion stings you.
* * * LOW HITPOINT WARNING * * *
You closely miss the scorpion.
The scorpion is heavily wounded.
* * * LOW HITPOINT WARNING * * *
You feel sick.
The scorpion stings you but does no damage.
It was a potion of mutation.
You feel extremely strange.
You feel resistant to cold.
You die...

.# . .#
[..
####.##...
#.........
#.........
#.<.....#
#.......#
#s†.....#
#@........
#.......##
#.......#
#########


You could see a scorpion.

Vanquished Creatures
  An adder (D:2)
  2 endoplasms (D:2)
3 creatures vanquished.

Notes
Turn   | Place    | Note
-------+----------+-------------------------------------------
     0 | D:1      | jlumianski the Demonspawn Fighter began the quest for the
                  | Orb.
     0 | D:1      | Reached XP level 1. HP: 18/18 MP: 1/1
    17 | D:2      | Noticed a scorpion
    23 | D:2      | Gained mutation: You are partially covered in sharp spines.
                  | [demonic ancestry]
    23 | D:2      | Reached XP level 2. HP: 20/24 MP: 2/2
    27 | D:2      | HP: 1/24 [poisoned by a scorpion]
    28 | D:2      | Gained mutation: Your flesh is cold resistant. (rC+)
                  | [potion of mutation]
    28 | D:2      | Succumbed to a scorpion's poison

Illustrated notes

Levels and vault maps discovered:
D:1:      amcnicky_arrival_flooded_fountain, layout_basic
D:2:      layout_rooms, hellmonk_ecumenical_altar_heavens_door

Action                     || total
---------------------------++-------
  Melee: War axe           ||     7
    Use: Potion            ||     1
 Armour: Scale mail        ||    10
  Dodge: Dodged            ||     1
  Block: Buckler           ||     2

Table legend: (Time is in decaauts)
 A = Elapsed time spent in this place.
 B = Non-inter-level travel time spent in this place.
 C = Inter-level travel time spent in this place.
 D = Time resting spent in this place.
 E = Time spent auto-exploring this place.
 F = Levels seen in this place.
 G = Mean time per level.
                   A        B        C        D        E       F      G
               +--------+--------+--------+--------+--------+-----+--------+
         Total |     31 |     31 |      0 |      0 |      7 |   2 |   15.5 |
       Dungeon |     31 |     31 |      0 |      0 |      7 |   2 |   15.5 |
               +--------+--------+--------+--------+--------+-----+--------+

Top non-repeatable levels by time:
     D:1: 17 daAuts
     D:2: 14 daAuts
